 Dungeon Crawl Stone Soup version 0.31.0-4-g52a2dc7128 (webtiles) character file.

Game seed: 14475994676780256357

325 Xavori the Slasher (level 6, -3/47 HPs)
             Began as a Djinni Chaos Knight on Jan 22, 2024.
             Was a Plaything of Xom.
             Killed by divine providence
             ... invoked by an orc priest
              (14 damage)
             ... on level 3 of the Dungeon.
             The game lasted 00:03:16 (11744 turns).

Xavori the Slasher (Djinni Chaos Knight)           Turns: 11744, Time: 00:03:17

Health: -3/47      AC:  6    Str: 11    XL:     6   Next: 78%
Gold:   132        EV: 12    Int: 13    God:    Xom [.*....] SH:  5 Dex: 15

rFire   + + +        a - +0 falchion (chaos)
rCold   x . .        e - +0 buckler
rNeg    . . .        b - +2 leather armour
rPois   ∞            (helmet restricted)
rElec   .            (no cloak)
rCorr   .            n - +0 pair of gloves
SInv    .            (boots unavailable)
Will    .....        (no amulet)
Stlth   +            (no ring)
HPRegen 0.27/turn    (no ring)
MPRegen 0.00/turn

%: infuse magic (-4 HP)
@: flying
A: sickness immunity, fire resistance 3, cold vulnerability 1, float, innate
caster, HP casting, extra vitality 1, antennae 1, subdued magic 1, persistent
drain
a: Renounce Religion


You were on level 3 of the Dungeon.
You worshipped Xom.
You were a plaything of Xom.
You visited 1 branch of the dungeon, and saw 3 of its levels.

You collected 132 gold pieces.

Inventory:

Hand Weapons
 a - a +0 falchion of chaos (weapon)
Armour
 b - a +2 leather armour (worn)
 e - a +0 buckler (worn)
 n - a +0 pair of gloves (worn)
Scrolls
 c - a scroll of butterflies
 d - a scroll of enchant armour {unknown}
 f - 4 scrolls of identify {unknown}
 g - 2 scrolls of fear {unknown}
 j - a scroll of teleportation {unknown}
 k - a scroll of torment {unknown}
 l - a scroll of noise {unknown}
 m - a scroll of fog {unknown}
 q - a scroll of enchant weapon {unknown}
 r - a scroll of amnesia {unknown}
Potions
 h - 2 potions of attraction {unknown}
 i - 3 potions of curing {unknown}
 o - a potion of degeneration {unknown}
 p - a potion of resistance {unknown}


   Skills:
 + Level 3.8 Fighting
 + Level 4.2 Long Blades
 + Level 2.0 Armour
 + Level 3.1 Dodging
 * Level 2.4 Shields
 * Level 1.3 Spellcasting
 * Level 1.3 Conjurations
 * Level 1.3 Hexes
 * Level 1.3 Summonings
 * Level 1.3 Necromancy
 * Level 1.3 Translocations
 * Level 1.3 Fire Magic
 * Level 1.3 Ice Magic
 * Level 1.3 Air Magic
 * Level 1.3 Earth Magic
 * Level 1.3 Alchemy


You knew the following spells:

 Your Spells              Type           Power      Damage    Failure   Level
a - Magic Dart            Conj           12%        1d3       26%         1
b - Scorch                Fire           6%         2d5       36%         2
Your spell library was empty.

Dungeon Overview and Level Annotations

Branches:
Dungeon (3/15)

Altars:


Innate Abilities, Weirdness & Mutations

You are immune to sickness and miasma.
You are immune to poison.
Your flesh is almost immune to the effects of heat. (rF+++)
You are vulnerable to cold. (rC-)
You float through the air rather than walking.
You learn spells naturally, not from books.
Your magical power is your life essence.
You have superior vitality. (+4 MHP)
You have a pair of small antennae on your head.
Your spells are a little easier to cast, but a little less powerful.
Your health recovers twice as slowly from being drained.


Message History

The quokka is heavily wounded.
The quokka bites you but does no damage.
A quokka is nearby!
You completely miss the quokka.
The quokka is heavily wounded.
The quokka barely misses you. x2
A quokka is nearby!
You slash the quokka! You freeze the quokka.
You kill the quokka!
Key pressed, stopping explore.
No target in view!
No target in view!
An orc priest comes into view. It is wielding a +0 falchion.
The orc priest shouts!
An orc comes into view. It is wielding a +0 hand axe.
An orc comes into view. It is wielding a +0 dagger.
The orc shouts!
An orc comes into view. It is wielding a +0 club.
There are monsters nearby!
The orc shouts!
The orc priest invokes the aid of Beogh against you.
Beogh smites you!
The orc shouts!
There are monsters nearby!
There are monsters nearby!
The orc priest mumbles some strange prayers to Beogh against you.
Beogh smites you!
You are too injured to fight recklessly!
You are too injured to fight recklessly!
You almost hear Xom's maniacal laughter.
Your eyebrows wriggle.
There is an open door here.
The orc priest calls down the wrath of Beogh upon you.
Beogh smites you!
* * * LOW HITPOINT WARNING * * *
The orc priest looks satisfied for a moment.
The orc priest invokes the aid of Beogh against you.
Beogh smites you!
You die...
Xom chuckles heartily!

#...# #...# ###...# .....##
###### ####.# #....# .# #.#
#....# .###.####....#
.............##############
.....####.......@.o.o..o..#
.###.# #....####.#######.#
.# #.# #.#######+#######.#
.# #.# #.#≈≈≈≈≈≈§§§≈≈≈≈#.#
.# #.. ###≈§≈≈...§.§§§≈#o#
#####. #≈≈≈...§.§§§§§#.#
#.# .# #≈≈..§§§§...§§#.#
..# .. #§...≈§.§≈...≈#o#
### #≈...≈§)o≈...≈#.#


You could see an orc priest and 2 orcs.

Vanquished Creatures
  2 scorpions (D:3)
  Jessica (D:3)
  Natasha (twice) (D:2)
  Robin (D:3)
  6 adders
  2 dart slugs
  5 ribbon worms
  3 ball pythons
  6 endoplasms
  3 giant cockroaches
  13 goblins
  6 hobgoblins
  9 jackals
  5 quokkas
  A bat (D:3)
  6 kobolds
  3 rats
74 creatures vanquished.

Vanquished Creatures (others)
  A goblin (D:2)
  A jackal (D:2)
2 creatures vanquished.

Grand Total: 76 creatures vanquished

Notes
Turn   | Place    | Note
-------+----------+-------------------------------------------
     0 | D:1      | Xavori the Djinni Chaos Knight began the quest for the Orb.
     0 | D:1      | Reached XP level 1. HP: 20/20 MP: 0/0
   153 | D:1      | XOM: silly message
   282 | D:1      | Reached XP level 2. HP: 25/25 MP: 0/0
   397 | D:1      | XOM: 7-stop teleportation journey
   483 | D:1      | XOM: divination: detect items
   493 | D:1      | XOM: swap monsters
   501 | D:1      | Reached skill level 3 in Long Blades
   606 | D:1      | Reached XP level 3. HP: 26/30 MP: 0/0
   606 | D:1      | Learned a level 1 spell: Magic Dart
   655 | D:1      | XOM: silly message
   735 | D:1      | XOM: summons 1 hostile demon
  1528 | D:1      | XOM: give mutations
  1528 | D:1      | Gained mutation: Your movements are slightly less
                  | encumbered by armour. (ER -2) [Xom's mischief]
  1528 | D:1      | Gained mutation: You are weak. (Str -2) [Xom's mischief]
  1528 | D:1      | Gained mutation: You are agile. (Dex +4, Str/Int -1) [Xom's
                  | mischief]
  1528 | D:1      | Gained mutation: Your body sometimes deteriorates upon
                  | taking damage. [Xom's mischief]
  1869 | D:1      | XOM: summons 2 hostile demons
  3275 | D:1      | XOM is BORED!
  3371 | D:1      | XOM: stat loss: -1 Int (11/12)
  4211 | D:1      | XOM: divination: detect items
  4751 | D:1      | XOM: give mutations
  4751 | D:1      | Gained mutation: You occasionally lose the ability to drink
                  | potions when taking damage. [Xom's mischief]
  4751 | D:1      | Gained mutation: You are frail. (-10% HP) [Xom's mischief]
  4751 | D:1      | Lost mutation: You are weak. (Str -2) [Xom's mischief]
  4751 | D:1      | Gained mutation: Your flesh is almost immune to the effects
                  | of heat. (rF+++) [Xom's mischief]
  5004 | D:1      | XOM: summons 2 hostile demons
  5051 | D:2      | XOM: noise
  5152 | D:2      | Found a faded altar of an unknown god.
  5152 | D:2      | XOM: 2-stop teleportation journey
  5173 | D:2      | Identified the +1 whip of Bile {pain, rElec rPois rF+
                  | Int+3}
  5280 | D:2      | XOM: chaos cloud
  5378 | D:2      | XOM: 2-stop teleportation journey
  5412 | D:2      | XOM: 1-stop teleportation journey
  5513 | D:2      | Reached skill level 1 in Shields
  5513 | D:2      | Reached XP level 4. HP: 28/31 MP: 0/0
  5564 | D:2      | Noticed Natasha
  5572 | D:2      | Killed Natasha
  5699 | D:2      | XOM: confusion
  5716 | D:2      | Reached XP level 5. HP: 32/36 MP: 0/0
  5716 | D:2      | Learned a level 2 spell: Scorch
  6111 | D:2      | Noticed Natasha
  6121 | D:2      | Killed Natasha
  6122 | D:2      | Reached skill level 1 in Spellcasting
  6122 | D:2      | Reached skill level 1 in Conjurations
  6122 | D:2      | Reached skill level 1 in Hexes
  6122 | D:2      | Reached skill level 1 in Summonings
  6122 | D:2      | Reached skill level 1 in Necromancy
  6122 | D:2      | Reached skill level 1 in Translocations
  6122 | D:2      | Reached skill level 1 in Fire Magic
  6122 | D:2      | Reached skill level 1 in Ice Magic
  6122 | D:2      | Reached skill level 1 in Air Magic
  6122 | D:2      | Reached skill level 1 in Earth Magic
  6122 | D:2      | Reached skill level 1 in Alchemy
  6887 | D:1      | XOM: summons 2 hostile demons
  8929 | D:1      | XOM is BORED!
  8929 | D:1      | XOM: give mutations
  8929 | D:1      | Lost mutation: You are frail. (-10% HP) [Xom's mischief]
  8929 | D:1      | Gained mutation: Your health recovers twice as slowly from
                  | being drained. [Xom's mischief]
  8929 | D:1      | Lost mutation: Your body sometimes deteriorates upon taking
                  | damage. [Xom's mischief]
  8929 | D:1      | Gained mutation: Your spells are a little easier to cast,
                  | but a little less powerful. [Xom's mischief]
  9380 | D:1      | XOM: draining
  9382 | D:1      | XOM: give mutations
  9382 | D:1      | Lost mutation: You are agile. (Dex +4, Str/Int -1) [Xom's
                  | mischief]
  9382 | D:1      | Lost mutation: You occasionally lose the ability to drink
                  | potions when taking damage. [Xom's mischief]
  9382 | D:1      | Lost mutation: Your movements are slightly less encumbered
                  | by armour. (ER -2) [Xom's mischief]
  9382 | D:1      | Gained mutation: You have a pair of small antennae on your
                  | head. [Xom's mischief]
 10117 | D:1      | XOM: silly message
 10138 | D:1      | XOM: silly message
 10350 | D:1      | XOM: divination: magic mapping
 10965 | D:1      | Glimpsed the power of Zot.
 11037 | D:3      | Noticed Robin
 11067 | D:3      | XOM: noise
 11074 | D:2      | XOM: silly message
 11197 | D:3      | XOM: repel stairs
 11202 | D:3      | Killed Robin
 11209 | D:3      | Reached skill level 4 in Long Blades
 11209 | D:3      | Reached XP level 6. HP: 23/44 MP: 0/0
 11247 | D:3      | XOM: silly message
 11314 | D:3      | XOM: silly message
 11450 | D:3      | Noticed Jessica
 11450 | D:3      | XOM: destruction
 11454 | D:3      | Killed Jessica
 11722 | D:3      | XOM: silly message
 11744 | D:3      | Killed from afar by an orc priest

Illustrated notes

Levels and vault maps discovered:
D:1:      eino_arrival_cavern_e, layout_loops_ring
D:2:      minmay_alternating_diamond, layout_basic,
          chequers_ecumenical_altar_simple_redux, moated_statue, uniq_natasha
D:3:      layout_rooms, general_overflow_altar, kennysheep_generic_room_2,
          uniq_robin, uniq_jessica

Skill      XL: |  1  2  3  4  5  6 |
---------------+-------------------+-----
Long Blades    | 3 4 |  4.2
Shields        | 1 2 |  2.4
Spellcasting   | 1 |  1.3
Conjurations   | 1 |  1.3
Hexes          | 1 |  1.3
Summonings     | 1 |  1.3
Necromancy     | 1 |  1.3
Translocations | 1 |  1.3
Fire Magic     | 1 |  1.3
Ice Magic      | 1 |  1.3
Air Magic      | 1 |  1.3
Earth Magic    | 1 |  1.3
Alchemy        | 1 |  1.3
Dodging        | 3 |  3.1
Armour         | 2 |  2.0
Fighting       | |  3.8

Action                     |  1- 3 |  4- 6 || total
---------------------------+-------+-------++-------
  Melee: Falchion          |    93 |   168 ||   261
   Stab: Confused          |     1 |     1 ||     2
         Sleeping          |     1 |     1 ||     2
         Petrifying        |     1 |       ||     1
         Petrified         |       |     1 ||     1
 Armour: Leather armour    |    45 |   134 ||   179
  Dodge: Dodged            |    46 |   120 ||   166
  Block: Buckler           |    25 |    48 ||    73
